 Dungeon Sprint DCSS version 0.20-a0-640-g62ed22f (webtiles) character file.

56 esc the Firebug (level 5, -1/37 HPs)
             Began as an Octopode Fire Elementalist on Feb 12, 2017.
             Was a Priest of Vehumet.
             Slain by a wolf (13 damage)
             ... in the Dungeon (Sprint VI: "Thunderdome").
             The game lasted 00:04:08 (377 turns).

esc the Firebug (Octopode Fire Elementalist)         Turns: 377, Time: 00:04:09

Health: -1/37      AC:  1    Str:  7    XL:     5   Next: 9%
Magic:  7/11       EV: 16    Int: 21    God:    Vehumet [***...]
Gold:   10         SH:  0    Dex: 16    Spells: 11/12 levels left

rFire    + . .     SeeInvis +   (no weapon)
rCold    + + +     Gourm    .   (no shield)
rNeg     . . .     Faith    .   (helmet restricted)
rPois    .         Spirit   .   q - amulet of Ysyghure {Harm *Drain rC- Int+3 SInv Stlth+}
rElec    .         Reflect  .   p - ring of Autotheism {rC++ Stlth-}
rCorr    .         Harm     +   n - ring "Zithray" {*Slow +Blink rF+ Dex+3 Stlth+}
MR       +....     NoTele   +   r - ring "Kibiof" {rC++ MR+}
Stlth    ++++......             (no ring)
Regen    0.2/turn               (no ring)
MPRegen  0.2/turn               (no ring)
                                (no ring)
                                (no ring)

@: no status effects
A: almost no armour, stealthy swim, amphibious, 8 rings, constrict 8, camouflage
1, gelatinous body 1
a: Renounce Religion, Evoke Blink


You were in the Dungeon.
You worshipped Vehumet.
Vehumet was most pleased with you.
You were not hungry.

You visited 1 branch You collected 280 gold pieces.
You spent 270 gold pieces at shops.

Inventory:

Hand Weapons
 o - a +0 dagger
   (You took it off an orc wizard in the Dungeon)
Jewellery
 n - the ring "Zithray" (right tentacle) {*Slow +Blink rF+ Dex+3 Stlth+}
   (You bought it in a shop in the Dungeon)

   [ring of protection from fire]

   It affects your dexterity (+3).
   It protects you from fire.
   It lets you blink.
   It may slow you when you take damage.
   It makes you more stealthy.
 p - the ring of Autotheism (left tentacle) {rC++ Stlth-}
   (You bought it in a shop in the Dungeon)

   [ring of loudness]

   It greatly protects you from cold.
   It makes you less stealthy.
 q - the amulet of Ysyghure (around mantle) {Harm *Drain rC- Int+3 SInv Stlth+}
   (You bought it in a shop in the Dungeon)

   [amulet of harm]

   It increases damage dealt and taken.
   It affects your intelligence (+3).
   It makes you vulnerable to cold.
   It lets you see invisible.
   It causes draining when unequipped.
   It makes you more stealthy.
 r - the ring "Kibiof" (on tentacle) {rC++ MR+}
   (You bought it in a shop in the Dungeon)

   [ring of protection from magic]

   It greatly protects you from cold.
   It affects your resistance to hostile enchantments.
Wands
 i - a wand of acid (5/15)
   (You found it in the Dungeon)
 j - a wand of iceblast (5/15)
   (You found it in the Dungeon)
Scrolls
 h - 4 scrolls of blinking {!r}
 k - 3 scrolls of fog
Potions
 c - a potion of curing
 d - 2 potions of heal wounds
 e - 4 potions of haste
 f - a potion of magic
 g - a potion of berserk rage {!q}
 l - a potion of resistance
Books
 a - a book of Flames
Comestibles
 b - a bread ration {@e1}
 m - 12 chunks of flesh {@w0}


   Skills:
 + Level 4.0 Fighting
 + Level 4.6 Dodging
 - Level 2.6 Stealth
 + Level 4.2 Spellcasting
 + Level 4.2 Conjurations
 + Level 5.3 Fire Magic


You had 11 spell levels left.
You knew the following spells:

 Your Spells              Type           Power        Failure   Level  Hunger
a - Flame Tongue          Conj/Fire      ###..        1%          1    None


Dungeon Overview and Level Annotations

Branches:
Dungeon (1/1)

Altars:
Cheibriados
Dithmenos
Fedhas
Gozag
Kikubaaqudgha
Makhleb
Okawaru
Qazlal
Ru
Sif Muna
Trog
Uskayaw
Vehumet
Xom
Yredelemnul
Zin
The Shining One
Beogh
Jiyva
Lugonu

Shops:
D *[%??*?*:[((!!!!


Innate Abilities, Weirdness & Mutations

You cannot wear most types of armour.
You are very stealthy in the water. (Stealth+)
You are amphibious.
You can wear up to eight rings at the same time.
You can use your tentacles to constrict eight enemies at once.
Your skin changes colour to match your surroundings (Stealth+).
Your rubbery body absorbs attacks. (AC +1, EV +1)


Message History

Things that are here:
a robe; an orc skeleton You see here a worm corpse.
You butcher the worm corpse.
m - 14 chunks of flesh {@w0} (gained 1)
Things that are here:
the ring "Ontiunye" {rF+ MR+ MP-9 Int+4 SInv} the amulet "Hesec" {Spirit rPois}
There is an entrance to Fupeump's Jewellery here.
q - a bound tin amulet;
r - a translucent platinum ring Thank you for shopping at Fupeump's Jewellery!
Put on which piece of jewellery? (? for menu, Esc to quit)
You feel clever.
q - the amulet of Ysyghure (around mantle) {Harm *Drain rC- Int+3 SInv Stlth+} Put on which piece of jewellery? (? for menu, Esc to quit)
r - the ring "Kibiof" (on tentacle) {rC++ MR+} You start resting.
Some of the chunks of flesh in your inventory have rotted away.
Get ready!
You regained 2 hp, and now have 14/25 hp.
You regained 2 mp, and now have 6/7 mp.
You start resting.
ROUND 3!
FIGHT!
You start resting.
A wolf comes into view.
MP restored: 7
Aim: a wolf (hasn't noticed you)
The flame tongue hits the wolf.
The wolf howls!
You now have 6/7 mp.
Aim: a wolf (moderately wounded)
The flame tongue hits the wolf.
The wolf barely misses you.
You now have 5/7 mp.
Aim: a wolf (almost dead)
The flame tongue hits the wolf.
You kill the wolf!
Vehumet accepts your kill.
Your Fighting skill gained 2 levels and is now at level 4!
Your Dodging skill increases to level 4!
Your Spellcasting skill increases to level 4!
Your Conjurations skill increases to level 4!
Your Fire Magic skill increases to level 5!
You have reached level 4!
You have reached level 5!
You feel agile.
You regained 8 hp, and now have 24/37 hp.
You start resting.
A wolf comes into view.
Aim: a wolf (hasn't noticed you)
The flame tongue misses the wolf.
You now have 4/11 mp.
Aim: a wolf The flame tongue hits the wolf.
The wolf closely misses you.
Aim: a wolf (moderately wounded)
The flame tongue hits the wolf.
The wolf bites you!
You take 8 damage, and have 16/37 hp.
MASSIVE DAMAGE!!
You now have 3/11 mp.
Aim: a wolf (heavily wounded)
The flame tongue misses the wolf.
The wolf misses you. The wolf closely misses you.
You now have 2/11 mp.
Aim: a wolf (heavily wounded)
The flame tongue misses the wolf.
The wolf barely misses you. The wolf misses you.
You now have 1/11 mp.
Aim: a wolf (heavily wounded)
The flame tongue misses the wolf.
The wolf bites you!
* * * LOW HITPOINT WARNING * * *
You take 13 damage, and have 4/37 hp.
MASSIVE DAMAGE!!
You now have 0/11 mp.
You feel much better. The wolf closely misses you. x2
You regained 20 hp, and now have 24/37 hp.
Magic courses through your body. The wolf bites you. x2
You take 10 damage, and have 14/37 hp.
MASSIVE DAMAGE!!
MP restored: 11
Aim: a wolf (heavily wounded)
The flame tongue hits the wolf.
The wolf appears unharmed.
The wolf bites you.
* * * LOW HITPOINT WARNING * * *
You take 7 damage, and have 7/37 hp.
You now have 10/11 mp.
Aim: a wolf (heavily wounded)
The flame tongue hits the wolf.
The wolf closely misses you. The wolf bites you.
* * * LOW HITPOINT WARNING * * *
You take 2 damage, and have 5/37 hp.
You now have 9/11 mp.
You feel much better. The wolf bites you!
* * * LOW HITPOINT WARNING * * *
The wolf closely misses you.
You regained 6 hp, and now have 11/37 hp.
Aim: a wolf (heavily wounded)
The flame tongue misses the wolf.
The wolf misses you. x2
You now have 9/11 mp.
Aim: a wolf (heavily wounded)
The flame tongue hits the wolf.
The wolf completely misses you.
You now have 8/11 mp.
Aim: a wolf (severely wounded)
The flame tongue misses the wolf.
The wolf bites you!
You die...

#........_#
###.........##
#⌠...........⌠
######.8.........8.
##∩.__...÷..###.....
###∩........8.# #.8...
##...=....).÷..###...[.
#⌠..........###...###..
#⌠...h@.....# #.<.# #..
#⌠..........###...###..
##.............###.....
###∩........8.# #.8...
##∩_._......###.....
######.8.........8.
#⌠...........⌠
###.........##
#_......._#


You could see a wolf.

Vanquished Creatures
  A wolf (D)
  An orc wizard (D)
  2 worms (D)
  A dart slug (D)
  2 leopard geckos (D)
  A bat (D)
  A hobgoblin (D)
  A jackal (D)
  A ball python zombie (D)
  2 frilled lizards (D)
13 creatures vanquished.

Notes
Turn   | Place    | Note
-------+----------+-------------------------------------------
     0 | D        | esc the Octopode Fire Elementalist began the quest for the Orb.
     0 | D        | Reached XP level 1. HP: 11/11 MP: 3/3
     1 | D        | Found a radiant altar of Vehumet.
     2 | D        | Found an ancient bone altar of Kikubaaqudgha.
     2 | D        | Found a glowing golden altar of the Shining One.
     3 | D        | Found a hide-covered altar of Uskayaw.
     4 | D        | Found Tytomy's Bee Food.
     4 | D        | Found a burning altar of Makhleb.
     4 | D        | Found Buhyclod's Identification Station.
     5 | D        | Found Fupeump's Jewellery.
     5 | D        | Found Aqerung's Advanced Armour.
     5 | D        | Round 1.
     9 | D        | Became a worshipper of Vehumet
    15 | D        | Bought a slimy crystal amulet for 45 gold pieces
    15 | D        | Bought a brightly glowing copper ring for 45 gold pieces
    15 | D        | Bought a glittering platinum ring for 45 gold pieces
    15 | D        | Bought a brightly glowing bone ring for 45 gold pieces
    15 | D        | Identified the amulet "Hesec" {Spirit rPois} (You bought it in a shop in the Dungeon)
    16 | D        | Identified the ring of Autotheism {rC++ Stlth-} (You bought it in a shop in the Dungeon)
    17 | D        | Identified the ring "Zithray" {*Slow +Blink rF+ Dex+3 Stlth+} (You bought it in a shop in the Dungeon)
    18 | D        | Identified the ring "Ontiunye" {rF+ MR+ MP-9 Int+4 SInv} (You bought it in a shop in the Dungeon)
    52 | D        | Found a corrupted altar of Lugonu.
    66 | D        | Reached skill level 1 in Fighting
    67 | D        | Found a snail-covered altar of Cheibriados.
    68 | D        | Found a shadowy altar of Dithmenos.
    69 | D        | Found Sayp's Premium Goods.
    70 | D        | Found Hausiz's Miscellaneous Merchandise.
    70 | D        | Found Mas Rumu's Basic Armour.
    71 | D        | Found a viscous altar of Jiyva.
    71 | D        | Found a blossoming altar of Fedhas.
    71 | D        | Found Ceheur's Weapon Rack.
    75 | D        | Found an opulent altar of Gozag.
    76 | D        | Found a bloodstained altar of Trog.
    77 | D        | Found a stormy altar of Qazlal.
    78 | D        | Found Zapuud's Do-It-Yourself Clinic.
    79 | D        | Found Dicemiro's Bottled Wisdom.
    79 | D        | Found Sabipt's Distillery.
    80 | D        | Found a deep blue altar of Sif Muna.
    80 | D        | Found a shimmering altar of Xom.
    80 | D        | Found a glowing silver altar of Zin.
    80 | D        | Found Vuophutu's Distillery.
    84 | D        | Found a roughly hewn altar of Beogh.
    89 | D        | Found an iron altar of Okawaru.
    89 | D        | Found a sacrificial altar of Ru.
    91 | D        | Reached * piety under Vehumet
    91 | D        | Offered knowledge of Shock by Vehumet.
    91 | D        | Reached XP level 2. HP: 10/18 MP: 0/5
   142 | D        | Found a basalt altar of Yredelemnul.
   172 | D        | Found Joss's Staff Store.
   172 | D        | Found Derik's Magic Scroll Shop.
   173 | D        | Found Esmaiss's Must-Have Magic.
   173 | D        | Found Rayskut's Magic Scroll Shop.
   178 | D        | Reached skill level 2 in Conjurations
   185 | D        | Reached ** piety under Vehumet
   185 | D        | Arena points: 14 (+14) [x2]
   206 | D        | Round 2.
   219 | D        | Offered knowledge of Sting by Vehumet.
   264 | D        | Reached skill level 2 in Fighting
   264 | D        | Reached skill level 3 in Dodging
   268 | D        | Reached *** piety under Vehumet
   281 | D        | Reached skill level 3 in Spellcasting
   281 | D        | Reached skill level 3 in Conjurations
   281 | D        | Reached skill level 4 in Fire Magic
   281 | D        | Reached XP level 3. HP: 11/25 MP: 1/7
   283 | D        | Arena points: 56 (+42) [x3]
   308 | D        | Bought a bound tin amulet for 45 gold pieces
   308 | D        | Bought a translucent platinum ring for 45 gold pieces
   308 | D        | Identified the amulet of Ysyghure {Harm *Drain rC- Int+3 SInv Stlth+} (You bought it in a shop in the Dungeon)
   309 | D        | Identified the ring "Kibiof" {rC++ MR+} (You bought it in a shop in the Dungeon)
   337 | D        | Round 3.
   354 | D        | Noticed a wolf
   359 | D        | Killed a wolf
   359 | D        | Reached skill level 4 in Fighting
   359 | D        | Reached skill level 4 in Dodging
   359 | D        | Reached skill level 4 in Spellcasting
   359 | D        | Reached skill level 4 in Conjurations
   359 | D        | Reached skill level 5 in Fire Magic
   359 | D        | Reached XP level 4. HP: 21/33 MP: 5/10
   359 | D        | Reached XP level 5. HP: 24/37 MP: 5/11
   363 | D        | Noticed a wolf
   369 | D        | HP: 4/37 [wolf (13)]
   377 | D        | Slain by a wolf

Vault maps used:
D:        arena_sprint

Skill      XL: |  1  2  3 |
---------------+----------+-----
Fighting       | 1 2 4 |  4.0
Conjurations   | 3 4 |  4.2
Dodging        | 3 4 |  4.6
Spellcasting   | 3 4 |  4.2
Fire Magic     | 4 5 |  5.3
Stealth        | |  2.6

Action                   |  1- 3 |  4- 6 || total
-------------------------+-------+-------++-------
Melee: Unarmed           |    18 |       ||    18
       Tentacles         |     3 |       ||     3
       Constrict         |     4 |       ||     4
 Cast: Flame Tongue      |    25 |    12 ||    37
  Use: Potion            |       |     3 ||     3
Armor: Skin              |     1 |       ||     1
Dodge: Dodged            |    10 |    12 ||    22

Vault maps used:
D:        arena_sprint

Table legend:
 A = Turns spent in this place as a percentage of turns spent in the entire game.
 B = Non-inter-level travel turns spent in this place as a percentage of non-inter-level travel turns spent in the entire game.
 C = Inter-level travel turns spent in this place as a percentage of turns spent in this place.
 D = Turns resting spent in this place as a percentage of non-inter-level travel turns spent in this place.
 E = Turns spent auto-exploring this place as a percentage of non-inter-level travel turns spent in this place.
 F = Non-inter-level travel turns spent in this place divided by the number of levels of this place that you've seen.
                   A       B       C       D       E      F
               +-------+-------+-------+-------+-------+----------------------
         Total | 100.0 | 100.0 |   0.0 |   5.7 |   0.0 | 244.0
       Dungeon | 100.0 | 100.0 |   0.0 |   5.7 |   0.0 | 244.0
               +-------+-------+-------+-------+-------+----------------------

Table legend:
 A = Kills in this place as a percentage of kills in entire the game.
 B = Kills by you in this place as a percentage of kills by you in the entire game.
 C = Kills by friends in this place as a percentage of kills by friends in the entire game.
 D = Other kills in this place as a percentage of other kills in the entire game.
 E = Experience gained in this place as a percentage of experience gained in the entire game.
 F = Experience gained in this place divided by the number of levels of this place that you have seen.
                   A       B       C       D       E      F
               +-------+-------+-------+-------+-------+----------------------
         Total | 100.0 | 100.0 |  -nan |  -nan | 100.0 | 179.0
       Dungeon | 100.0 | 100.0 |  -nan |  -nan | 100.0 | 179.0
               +-------+-------+-------+-------+-------+----------------------
